 Dungeon Crawl Stone Soup version 0.28-a0-124-g73ec313a74 (webtiles) character file.

Game seed: 5872313972722570651

50 Sweetruy1997 the Shield-Bearer (level 4, -1/37 HPs)
             Began as a Formicid Fighter on Aug 15, 2021.
             Succumbed to a water moccasin's poison
             ... on level 3 of the Dungeon.
             The game lasted 00:04:39 (2188 turns).

Sweetruy1997 the Shield-Bearer (Formicid Fighter)   Turns: 2188, Time: 00:04:39

Health: -1/37      AC:  7    Str: 21    XL:     4   Next: 4%
Magic:  4/4        EV:  6    Int:  8    God:
Gold:   84         SH: 14    Dex: 10    Spells: 3/3 levels left

rFire   . . .      SeeInvis +   a - +0 long sword
rCold   . . .      Faith    .   i - +0 tower shield
rNeg    . . .      Spirit   .   b - +0 scale mail
rPois   .          Reflect  .   (helmet unavailable)
rElec   .          Harm     .   (no cloak)
rCorr   .          Rampage  .   (no gloves)
Will    .....                   (no boots)
Stlth   ..........              (no amulet)
HPRegen 0.12/turn               (no ring)
MPRegen 0.09/turn               (no ring)

@: lethally poisoned (-1 -> -23)
A: permanent stasis, dig shafts and tunnels, antennae 3, four strong arms
a: Dig, Shaft Self


You were on level 3 of the Dungeon.
You visited 1 branch of the dungeon, and saw 3 of its levels.

You collected 120 gold pieces.
You spent 36 gold pieces at shops.

Inventory:

Hand Weapons
 a - a +0 long sword (weapon)
Missiles
 g - 3 silver boomerangs
 l - 6 javelins
Armour
 b - a +0 scale mail (worn)
 i - a +0 tower shield (worn)
Scrolls
 c - a scroll of amnesia
 h - a scroll of fog
 k - a scroll of fear
 m - a scroll of identify
 n - a scroll of enchant weapon {unknown}
 p - a scroll of teleportation {unknown}
Potions
 d - a potion of might
 e - a potion of ambrosia
 f - a potion of curing {unknown}
 j - a potion of attraction {unknown}
 o - a potion of cancellation {unknown}


   Skills:
 + Level 3.7 Fighting
 + Level 2.6 Long Blades
 - Level 4.0 Armour
 + Level 0.1 Dodging
 - Level 4.0 Shields


You had 3 spell levels left.
You didn't know any spells.
Your spell library contained the following spells:

 Spells                   Type           Power      Damage    Failure   Level
 Passwall                 Tmut/Erth      0%         N/A       100%        2
 Invisibility             Hex            0%         N/A       100%        6
 Swiftness                Air            Unusable   N/A       N/A         3

Dungeon Overview and Level Annotations

Branches:
Dungeon (3/15)

Altars:

Shops:
D:1 [[([?


Innate Abilities, Weirdness & Mutations

You cannot be hasted, slowed, berserked, paralysed or teleported.
You can dig through walls and to a lower floor.
You have a pair of large antennae on your head. (SInv)
Your four strong arms can wield two-handed weapons with a shield.


Message History

Found a stone staircase leading up.
A water moccasin comes into view.
The water moccasin hisses angrily.
You slash the water moccasin!
The water moccasin is moderately wounded.
The water moccasin bites you but does no damage.
The water moccasin bites you!
You are poisoned.
The water moccasin poisons you!
You barely miss the water moccasin.
The water moccasin is moderately wounded.
You feel very sick.
The water moccasin bites you but does no damage.
The water moccasin closely misses you.
You riposte.
You closely miss the water moccasin.
The water moccasin is moderately wounded.
You block the water moccasin's attack.
You miss the water moccasin.
The water moccasin is moderately wounded.
You feel sick. You block the water moccasin's attack.
The water moccasin barely misses you.
You barely miss the water moccasin.
The water moccasin is moderately wounded.
You feel sick.
The water moccasin bites you but does no damage.
The water moccasin bites you.
You are lethally poisoned!
The water moccasin poisons you!
You closely miss the water moccasin.
The water moccasin is moderately wounded.
* * * LOW HITPOINT WARNING * * *
You feel extremely sick.
The water moccasin bites you but does no damage.
The water moccasin bites you.
* * * LOW HITPOINT WARNING * * *
You are more poisoned.
The water moccasin poisons you!
You closely miss the water moccasin.
The water moccasin is moderately wounded.
You die...

....#.########.#
#...#.# #.### #...#.#
#...## ...#.#
#####.#..#
#.###.#.####........#
#..<....#...........#
######.###.##....♣...#
..........#
#..♣.....## #.#
#...###.#@#
#..♣♣.♣..†# #.# #...#
#.#S# #....♣....# #.#
#...# #.#.#
#.........# #.# #...#
#.#.# #.........# #.#
#...# #.#.#
########..# #.# #...#
#.#.# #.##
##.#####...###...#
#######.#
..................
........#
##†#####..........
#######.#


You could see a water moccasin.

Vanquished Creatures
  An adder (D:2)
  A dart slug (D:2)
  An orc (D:3)
  5 ball pythons
  3 bats
  An endoplasm (D:3)
  A giant cockroach (D:3)
  3 goblins (D:2)
  3 hobgoblins
  2 jackals (D:3)
  3 quokkas
  2 frilled lizards
  4 kobolds
  5 rats
35 creatures vanquished.

Notes
Turn   | Place    | Note
-------+----------+-------------------------------------------
     0 | D:1      | Sweetruy1997 the Formicid Fighter began the quest for the
                  | Orb.
     0 | D:1      | Reached XP level 1. HP: 18/18 MP: 1/1
    25 | D:1      | Found Ymang's Antique Armour Emporium.
    51 | D:1      | Found Arothuk's Antique Armour Emporium.
   263 | D:1      | You fall into a shaft and drop 1 floor!
   274 | D:2      | Reached XP level 2. HP: 13/24 MP: 2/2
   451 | D:1      | Found Zunagoum's Weapon Shop.
   463 | D:1      | Found Boipaor's Magic Scroll Shoppe.
   718 | D:1      | Found a faded altar of an unknown god.
   718 | D:1      | Noticed a chaos spawn
   749 | D:1      | Found Veykoj's Armour Shoppe.
  1203 | D:1      | Bought a scroll of identify for 24 gold pieces
  1203 | D:1      | Bought a scroll of noise for 12 gold pieces
  1500 | D:2      | Reached XP level 3. HP: 29/29 MP: 3/3
  2141 | D:3      | Reached XP level 4. HP: 36/37 MP: 4/4
  2181 | D:3      | Noticed a water moccasin
  2188 | D:3      | Succumbed to a water moccasin's poison

Illustrated notes

Levels and vault maps discovered:
D:1:      dpeg_arrival_erosion, layout_loops_cross, serial_bayou,
          serial_bayou_ford_a, serial_bayou_pond_a, serial_bayou_pond_d,
          serial_bayou_shore_a, serial_shops, nicolae_lakefront_shop,
          shop_statue, nicolae_shop_stone, nicolae_lakefront_shop,
          nicolae_shop_waterfront, dreamdust_ecumenical_altar_sealed_demon
D:2:      layout_rooms, minmay_misc_feat_more_columns, minmay_tetromino_o2
D:3:      layout_basic, chequers_serial_rivers_micro_b, chequers_garden

Skill      XL: |  1  2  3 |
---------------+----------+-----
Shields        | 4 |  4.0
Armour         | 4 |  4.0
Fighting       | |  3.7
Long Blades    | |  2.6
Dodging        | |  0.1

Action                   |  1- 3 |  4- 6 || total
-------------------------+-------+-------++-------
Melee: Long sword        |    85 |    10 ||    95
  Use: Scroll            |     5 |       ||     5
Armor: Scale mail        |    37 |     8 ||    45
Dodge: Dodged            |    31 |     3 ||    34
Block: Kite shield       |    16 |       ||    16
       Tower shield      |    37 |     4 ||    41
       Rpst.: Long sword |    15 |     1 ||    16

Table legend: (Time is in decaauts)
 A = Elapsed time spent in this place.
 B = Non-inter-level travel time spent in this place.
 C = Inter-level travel time spent in this place.
 D = Time resting spent in this place.
 E = Time spent auto-exploring this place.
 F = Levels seen in this place.
 G = Mean time per level.
                   A        B        C        D        E       F      G
               +--------+--------+--------+--------+--------+-----+--------+
         Total |   2266 |   2145 |    121 |    207 |   1637 |   3 |  755.3 |
       Dungeon |   2266 |   2145 |    121 |    207 |   1637 |   3 |  755.3 |
               +--------+--------+--------+--------+--------+-----+--------+

Top non-repeatable levels by time:
     D:1: 1075 daAuts
     D:2: 729 daAuts
     D:3: 461 daAuts
